 Dungeon Crawl Stone Soup version 0.26-a0-52-gd53d4cd058 (webtiles) character file.

Game seed: 6222286573412713108

249 Glundar the Skirmisher (level 5, 0/42 HPs)
             Began as a Demonspawn Fighter on June 6, 2020.
             Slain by an ogre
             ... wielding a +0 giant club
              (7 damage)
             ... on level 4 of the Dungeon.
             The game lasted 00:12:28 (3709 turns).

Glundar the Skirmisher (Demonspawn Fighter)         Turns: 3709, Time: 00:12:28

Health: 0/42       AC: 13    Str: 17    XL:     5   Next: 87%
Magic:  5/5        EV:  1    Int: 10    God:
Gold:   83         SH: 13    Dex: 12    Spells: 4/4 levels left

rFire    . . .     SeeInvis .   a - +0 war axe
rCold    . . .     Gourm    .   d - +0 tower shield
rNeg     . . .     Faith    .   B - +0 plate armour
rPois    .         Spirit   .   (no helmet)
rElec    .         Reflect  .   (no cloak)
rCorr    .         Harm     .   (no gloves)
MR       .....                  (no boots)
Stlth    ..........             (no amulet)
HPRegen  0.14/turn              (no ring)
MPRegen  0.09/turn              (no ring)

@: no status effects
A: thin metallic scales 1, powered by death 1
a: no special abilities


You were on level 4 of the Dungeon.
You were not hungry.

You visited 1 branch of the dungeon, and saw 4 of its levels.

You collected 83 gold pieces.

Inventory:

Hand Weapons
 a - a +0 war axe (weapon)
 b - a +0 hunting sling
 m - a +0 whip
 n - a cursed -1 short sword
Missiles
 w - 4 poisoned darts (quivered)
 x - 49 stones
Armour
 d - a +0 tower shield (worn)
 B - a +0 plate armour (worn)
Wands
 u - a wand of clouds (5)
Scrolls
 c - a scroll of enchant armour {unknown}
 h - 3 scrolls of remove curse {unknown}
 i - 2 scrolls of blinking {unknown}
 j - a scroll of amnesia {unknown}
 k - 2 scrolls of enchant weapon {unknown}
 o - 8 scrolls of identify {unknown}
 p - a scroll of fog {unknown}
 q - a scroll of magic mapping {unknown}
 y - a scroll of teleportation {unknown}
Potions
 e - a potion of haste {unknown}
 g - a potion of curing
 l - 2 potions of stabbing {unknown}
 r - 2 potions of invisibility {unknown}
 s - a potion of lignification {unknown}
 t - a potion of mutation {unknown}
 z - a potion of berserk rage {unknown}
Comestibles
 f - 9 rations


   Skills:
 + Level 4.0 Fighting
 + Level 2.9 Axes
 + Level 1.6 Slings
 + Level 3.7 Armour
 - Level 0.6 Dodging
 + Level 3.5 Shields


You had 4 spell levels left.
You didn't know any spells.
Your spell library was empty.

Dungeon Overview and Level Annotations

Branches:
Dungeon (4/15)
 Temple: D:4-7

Altars:
Trog
Yredelemnul


Innate Abilities, Weirdness & Mutations

You are partially covered in thin metallic scales. (AC +2)
You regenerate a little health from kills.


Message History

The ogre is almost dead.
You block the ogre's attack. The ogre hits you with a +0 giant club.
Your plate armour prevents you from hitting the ogre.
The ogre is almost dead.
The ogre hits you with a +0 giant club!
* * * LOW HITPOINT WARNING * * *
You hit the ogre.
You kill the ogre!
Your Fighting skill increases to level 4!
The ogre hits you but does no damage.
You slash the ogre!
The ogre is heavily wounded.
You block the ogre's attack.
Your shield and plate armour prevent you from hitting the ogre.
The ogre is heavily wounded.
You block the ogre's attack.
Your plate armour prevents you from hitting the ogre.
The ogre is heavily wounded.
The ogre hits you with a +0 giant club!
You die...

#..............
#..............
#..............
########..............
......................
########..............
......................
.#########..............
.......@O...............
##########..............
#..............
#..............
#..............
#..............
#..............
#..............
#..............


You could see an ogre.

Vanquished Creatures
  An ogre (D:4)
  2 orc wizards (D:3)
  4 adders
  An ooze (D:1)
  An adder skeleton (D:3)
  A worm (D:2)
  2 dart slugs (D:2)
  A leopard gecko (D:3)
  9 orcs (D:3)
  7 bats
  4 giant cockroaches
  5 goblins
  3 hobgoblins
  2 jackals (D:3)
  2 kobolds (D:2)
  2 quokkas
  7 frilled lizards
  A quokka skeleton (D:3)
  11 rats
66 creatures vanquished.

Notes
Turn   | Place    | Note
-------+----------+-------------------------------------------
     0 | D:1      | Glundar the Demonspawn Fighter began the quest for the Orb.
     0 | D:1      | Reached XP level 1. HP: 18/18 MP: 1/1
   120 | D:1      | Gained mutation: You are partially covered in thin metallic
                  | scales. (AC +2) [demonic ancestry]
   120 | D:1      | Reached XP level 2. HP: 24/24 MP: 2/2
   877 | D:2      | Gained mutation: You regenerate a little health from kills.
                  | [demonic ancestry]
   877 | D:2      | Reached XP level 3. HP: 18/29 MP: 3/3
  1889 | D:2      | Found a basalt altar of Yredelemnul.
  2282 | D:3      | Reached XP level 4. HP: 34/35 MP: 4/4
  2479 | D:3      | Reached skill level 1 in Slings
  2646 | D:3      | Reached XP level 5. HP: 26/42 MP: 5/5
  3400 | D:3      | Found a bloodstained altar of Trog.
  3677 | D:4      | Noticed an ogre
  3678 | D:4      | Noticed an ogre
  3706 | D:4      | Killed an ogre
  3706 | D:4      | Reached skill level 4 in Fighting
  3709 | D:4      | Slain by an ogre

Illustrated notes

Levels and vault maps discovered:
D:1:      scummos_arrival_simple_crosswalls, layout_loops_ring, chequers_avenue,
          minmay_misc_feat_enclosed, chequers_serial_rivers_micro_e
D:2:      layout_basic, lemuel_coloured_pillars_altar,
          chequers_serial_rivers_micro_e
D:3:      layout_basic, first_ration, trog_butcher_becter
D:4:      layout_basic, serial_park_tiny_1

Skill      XL: |  1  2  3  4  5 |
---------------+----------------+-----
Armour         | 3 |  3.7
Axes           | 2 |  2.9
Shields        | 3 |  3.5
Slings         | 1 |  1.6
Fighting       | 4 |  4.0
Dodging        | |  0.6

Action                   |  1- 3 |  4- 6 || total
-------------------------+-------+-------++-------
Melee: War axe           |   131 |   136 ||   267
 Fire: Hunting sling     |    17 |    24 ||    41
  Use: Potion            |       |     3 ||     3
  Eat: Chunk             |     4 |     5 ||     9
Armor: Scale mail        |    37 |       ||    37
       Chain mail        |    36 |    65 ||   101
       Plate armour      |       |    25 ||    25
Dodge: Dodged            |    41 |    11 ||    52
Block: Kite shield       |    80 |    33 ||   113
       Tower shield      |       |    70 ||    70

Table legend:
 A = Non-vault XP
 B = Vault XP
 C = Vault XP percentage of total XP
 D = Non-vault monster count
 E = Vault monster count
 F = Vault count percentage of total count
                 A         B        C        D         E       F
            +---------+---------+-------+---------+---------+-------
      Total |     348 |       9 |   2.5 |      62 |       4 |   6.1
            +---------+---------+-------+---------+---------+-------
        D:1 |      33 |       0 |   0.0 |      20 |       0 |   0.0
        D:2 |      49 |       0 |   0.0 |      18 |       0 |   0.0
        D:3 |     157 |       9 |   5.4 |      22 |       4 |  15.4
        D:4 |     109 |       0 |   0.0 |       2 |       0 |   0.0
            +---------+---------+-------+---------+---------+-------
